 Dungeon Crawl Stone Soup version 0.31-a0-818-ge7c7cf74f0 (webtiles) character file.

Game seed: 12087981687071511283

359 Kurtz the Chopper (level 6, -1/43 HPs)
             Began as an Octopode Fighter on Sept 23, 2023.
             Was a Follower of Okawaru.
             Killed by divine providence
             ... invoked by an orc priest
              (13 damage)
             ... on level 4 of the Dungeon.
             The game lasted 00:04:00 (2827 turns).

Kurtz the Chopper (Octopode Fighter)                Turns: 2827, Time: 00:04:01

Health: -1/43      AC:  1    Str: 15    XL:     6   Next: 65%
Magic:  6/6        EV: 13    Int: 11    God:    Okawaru [*.....]
Gold:   156        SH:  4    Dex: 13    Spells: 5/5 levels left

rFire   . . .        a - +0 war axe
rCold   . . .        b - +0 buckler
rNeg    . . .        (helmet restricted)
rPois   .            q - amulet of regeneration
rElec   .            (no ring)
rCorr   .            (no ring)
SInv    .            (no ring)
Will    .....        (no ring)
Stlth   ++           (no ring)
HPRegen 1.07/turn    (no ring)
MPRegen 0.10/turn    (no ring)
                     (no ring)

%: no passive effects
@: no status effects
A: almost no armour, amphibious, 8 rings, camouflage 1, gelatinous body 1,
(nimble swimmer 1), tentacles
a: Renounce Religion, Heroism


You were on level 4 of the Dungeon.
You worshipped Okawaru.
Okawaru was aware of your devotion.
You visited 2 branches of the dungeon, and saw 5 of its levels.
You also visited: Sewer.

You collected 156 gold pieces.

Inventory:

Hand Weapons
 a - a +0 war axe (weapon)
Missiles
 v - 8 poisoned darts
Armour
 b - a +0 buckler (worn)
Jewellery
 q - an amulet of regeneration (around mantle)
 r - an amulet of reflection
Scrolls
 d - 3 scrolls of identify
 e - a scroll of enchant armour
 f - a scroll of poison
 g - 2 scrolls of noise
 h - 2 scrolls of revelation
 j - 2 scrolls of immolation {unknown}
 k - a scroll of blinking {unknown}
 m - a scroll of fear {unknown}
 t - a scroll of vulnerability {unknown}
Potions
 c - a potion of might
 i - a potion of berserk rage {unknown}
 l - 2 potions of haste {unknown}
 n - 4 potions of enlightenment {unknown}
 o - a potion of degeneration {unknown}
 p - 2 potions of curing {unknown}
 s - a potion of mutation {unknown}
 u - a potion of ambrosia {unknown}


   Skills:
 + Level 4.0 Fighting
 * Level 6.0 Axes
 * Level 3.1 Dodging
 + Level 3.0 Shields
 * Level 1.2 Invocations


You had 5 spell levels left.
You didn't know any spells.
Your spell library contained the following spells:

 Spells                   Type           Power      Damage    Failure   Level
 Magic Dart               Conj           0%         1d3       43%         1
 Slow                     Hex            0%         N/A       43%         1
 Confusing Touch          Hex            0%         N/A       80%         3
 Mephitic Cloud           Conj/Pois/Air  0%         N/A       80%         3
 Sigil of Binding         Hex            0%         N/A       80%         3
 Vampiric Draining        Necr           0%         2d6       80%         3
 Call Imp                 Summ           Unusable   N/A       N/A         2

Dungeon Overview and Level Annotations

Branches:
Dungeon (4/15)             Temple (1/1) D:4           Sewer (visited)

Altars:
Ashenzari
Cheibriados
Gozag
Kikubaaqudgha
Nemelex Xobeh
Okawaru
Qazlal
Ru
Sif Muna
Trog
Uskayaw
Vehumet
Wu Jian
Xom
Zin
The Shining One

Shops:
D:3 [

Annotations:
D:2 1 runed translucent door, Crazy Yiuf
D:3 1 transporter, tinfoiltophat's ghost, amateur DjFE


Innate Abilities, Weirdness & Mutations

You cannot wear most types of armour.
You are amphibious.
You can wear up to eight rings at the same time.
Your skin changes colour to match your surroundings (Stealth+).
Your rubbery body absorbs attacks. (AC +1, EV +1)
((You are camouflaged when in or above water. (Stealth+)))
You have tentacles for arms and can constrict up to eight enemies at once.


Message History

You hit the orc. You constrict the orc priest. The orc misses you.
The orc priest barely misses you.
Unknown command.
You slash the orc!
You kill the orc!
Okawaru accepts your kill.
You closely miss the orc. You hit the orc priest. You constrict the orc priest.
The orc completely misses you.
The orc priest struggles to escape constriction.
Unknown command.
You barely miss the orc priest.
The orc priest is almost dead.
You hit the orc. You constrict the orc priest. The orc hits you with a +0 club.
An orc comes into view. It is wielding a +0 club.
The orc priest mumbles some strange prayers to Beogh against you.
Beogh smites you!
The orc priest miscasts a cantrip.
The orc hits you with a +0 flail.
The orc priest looks encouraged for a moment.
The orc moves out of view.
Unknown command.
You release your grip on the orc priest.
Something hits you.
You barely miss the orc. You grab the orc. You squeeze the orc!
You kill the orc!
Okawaru accepts your kill.
The orc priest invokes the aid of Beogh against you.
You barely resist.
Your Axes skill increases to level 6!
Unknown command.
Something hits you.
You hear some strange, mumbled words.
A puff of flame appears from out of thin air!
You block the puff of flame.
The orc priest invokes the aid of Beogh against you.
Beogh smites you!
* * * LOW HITPOINT WARNING * * *
The orc priest mumbles some strange prayers to Beogh against you.
Beogh smites you!
You die...

,,,,,,,,,,,**,**+****
***#.......
,,,,,,,,,,,**,*#.#
#...##..
,,<*,,,,,,,**,*#.#
##...#...
,,,,,,,,*+***,*#.#
#......_. **,*,,*,*,*
*,*#.########.##.....
**,**,*,*,*
*,*#.#........##....#
*,,,,,,,*,*
*,*#.#.#########.....
*****,*,*,* *,*#.#.#
####.. ,,,,,,,,*,*
*,*#@#.# *** *#..
*****,*,*,* *,*#.#.#
*,**#..# ,,,,,,,,*,*
*,*#.#.# *,,,..##
*****,***,* *,*#{#.#
*,***** *,* *,*
*,*#o#.######*,* *,*
*,***,*#oo........,* *,*
*,...o.oo).#######**
*****,*
**###.######*************
,,,,,,*
#,,,,,,,,,,,,,,,,,,,,


You could see 2 orc priests and 3 orcs.

Vanquished Creatures
  Pargi (Sewer)
  An orc priest (D:3)
  An iguana (D:4)
  6 adders
  4 gnolls (D:4)
  A white imp (D:4)
  4 worms
  2 dart slugs
  9 orcs
  9 ball pythons
  6 endoplasms
  5 giant cockroaches
  6 goblins
  6 hobgoblins
  9 kobolds
  8 quokkas
  5 bats
  2 frilled lizards
  5 rats
90 creatures vanquished.

Notes
Turn   | Place    | Note
-------+----------+-------------------------------------------
     0 | D:1      | Kurtz the Octopode Fighter began the quest for the Orb.
     0 | D:1      | Reached XP level 1. HP: 16/16 MP: 1/1
    71 | D:1      | Reached XP level 2. HP: 13/21 MP: 2/2
   372 | D:1      | Reached skill level 3 in Axes
   372 | D:1      | Reached XP level 3. HP: 22/26 MP: 3/3
   869 | D:2      | Found a runed translucent door.
   870 | D:2      | Noticed Crazy Yiuf
   926 | D:2      | Reached XP level 4. HP: 27/31 MP: 4/4
   984 | D:2      | Reached skill level 4 in Axes
  1132 | D:2      | Found a sparkling altar of Nemelex Xobeh.
  1503 | D:3      | Reached XP level 5. HP: 31/37 MP: 5/5
  1586 | D:3      | Found Igodd's Armour Emporium.
  1685 | D:3      | Found a shimmering blue altar of Sif Muna.
  1855 | D:3      | Found a transporter.
  1976 | D:3      | Noticed tinfoiltophat's ghost (amateur DjFE)
  1980 | D:3      | Noticed an ogre
  1980 | D:3      | Noticed an ogre
  2177 | D:3      | Found a bloodstained altar of Trog.
  2177 | D:3      | Found a hide-covered altar of Uskayaw.
  2305 | D:4      | Reached skill level 5 in Axes
  2320 | D:4      | Found a staircase to the Ecumenical Temple.
  2328 | Temple   | Entered the Ecumenical Temple
  2338 | Temple   | Became a worshipper of Warmaster Okawaru
  2438 | D:4      | Reached XP level 6. HP: 43/43 MP: 6/6
  2467 | D:4      | Found a glowing drain.
  2490 | Sewer    | Entered a sewer
  2493 | Sewer    | Noticed Pargi
  2501 | Sewer    | Killed Pargi
  2502 | Sewer    | Reached skill level 1 in Invocations
  2534 | Sewer    | Reached * piety under Okawaru
  2785 | D:4      | Found a snail-covered altar of Cheibriados.
  2825 | D:4      | Reached skill level 6 in Axes
  2827 | D:4      | Killed from afar by an orc priest

Illustrated notes

Levels and vault maps discovered:
D:1:      minmay_arrival_doors, layout_basic, minivault_5, minmay_tromino_v2
D:2:      layout_loops_ring, basic_altar, minivault_27, uniq_crazy_yiuf_cottage
D:3:      layout_basic, gammafunk_temple_overflow_pools,
          nicolae_sif_muna_condensation, gammafunk_ghost_smash, serial_shops,
          nicolae_shop_behind_doors, st_stairs_14, minmay_goblin_kobold_house
D:4:      layout_basic, nicolae_overflow_crystal_walls,
          minmay_temple_entry_statues_fountains, portal_sewer_entry_d,
          uniq_grinder
Temple:   nicolae_temple_x_marks_the_god

Skill      XL: |  1  2  3  4  5  6 |
---------------+-------------------+-----
Axes           | 3 4 5 6 |  6.0
Fighting       | 4 |  4.0
Invocations    | 1 |  1.2
Dodging        | |  3.1
Shields        | |  3.0

Action                     |  1- 3 |  4- 6 || total
---------------------------+-------+-------++-------
  Melee: War axe           |    53 |   103 ||   156
         Constrict         |    15 |    26 ||    41
         Tentacles         |     9 |    22 ||    31
         Punch             |       |     1 ||     1
    Use: Scroll            |       |     5 ||     5
         Potion            |       |     1 ||     1
   Stab: Sleeping          |    11 |    10 ||    21
 Armour: Skin              |    17 |    48 ||    65
  Dodge: Dodged            |    28 |    67 ||    95
  Block: Buckler           |     9 |    20 ||    29

Table legend: (Time is in decaauts)
 A = Elapsed time spent in this place.
 B = Non-inter-level travel time spent in this place.
 C = Inter-level travel time spent in this place.
 D = Time resting spent in this place.
 E = Time spent auto-exploring this place.
 F = Levels seen in this place.
 G = Mean time per level.
                   A        B        C        D        E       F      G
               +--------+--------+--------+--------+--------+-----+--------+
         Total |   2878 |   2647 |    231 |    141 |   1845 |   6 |  479.7 |
       Dungeon |   2736 |   2515 |    221 |    129 |   1772 |   4 |  684.0 |
        Temple |     20 |     10 |     10 |      0 |      0 |   1 |   20.0 |
         Sewer |    120 |    120 |      0 |     12 |     73 |   1 |  120.0 |
               +--------+--------+--------+--------+--------+-----+--------+

Top non-repeatable levels by time:
     D:3: 881 daAuts
     D:2: 804 daAuts
     D:1: 615 daAuts
     D:4: 433 daAuts
   Sewer: 120 daAuts
  Temple: 20 daAuts
